 Dungeon Crawl Stone Soup version 0.32-a0-918-g0f22ef8d61 (webtiles) character file.

Game seed: 2153479062359604207

137 retardedninja the Trooper (level 5, -4/42 HPs)
             Began as a Coglin Fighter on Apr 11, 2024.
             Slain by a gnoll sergeant
             ... wielding a +0 trident
              (11 damage)
             ... on level 4 of the Dungeon.
             The game lasted 00:03:00 (1897 turns).

retardedninja the Trooper (Coglin Fighter)          Turns: 1897, Time: 00:03:00

Health: -4/42      AC:  6    Str: 19    XL:     5   Next: 20%
Magic:  5/5        EV:  8    Int:  7    God:
Gold:   183        SH:  0    Dex: 13    Spells: 4/4 levels left

rFire   . . .        a - +0 war axe {Marisol}
rCold   . . .        m - +0 flail {Xiuying}
rNeg    . . .        b - +0 scale mail
rPois   .            (no helmet)
rElec   .            (no cloak)
rCorr   .            (no gloves)
SInv    .            (no boots)
Will    .....        (amulet unavailable) Stlth
                     (ring unavailable)
HPRegen 0.27/turn    (ring unavailable)
MPRegen 0.09/turn    (no gizmo)

%: no passive effects
@: mighty, brilliant, revved
A: off-hand wielding, slow wielding, warmup strikes, no jewellery
a: Invent Gizmo


You were on level 4 of the Dungeon.
You visited 1 branch of the dungeon, and saw 4 of its levels.

You collected 183 gold pieces.

Inventory:

Hand Weapons
 a - a +0 war axe (weapon) {Marisol}
 m - a +0 flail (offhand) {Xiuying}
Armour
 b - a +0 scale mail (worn)
Scrolls
 c - 4 scrolls of identify {unknown}
 f - a scroll of enchant armour {unknown}
 g - a scroll of noise {unknown}
 k - a scroll of fear {unknown}
 l - a scroll of amnesia {unknown}
 o - a scroll of vulnerability {unknown}
 q - a scroll of torment {unknown}
Potions
 e - a potion of attraction {unknown}
 h - a potion of enlightenment {unknown}
 i - 3 potions of brilliance
 j - a potion of curing {unknown}
 n - a potion of cancellation {unknown}
 p - a potion of magic {unknown}
 r - a potion of degeneration {unknown}


   Skills:
 * Level 4.2 Fighting
 * Level 3.6 Axes
 + Level 3.3 Armour
 - Level 2.2 Shields


You had 4 spell levels left.
You didn't know any spells.
Your spell library contained the following spells:

 Spells                   Type           Power      Damage    Failure   Level
 Foxfire                  Conj/Fire      0%         2x1d4     80%         1
 Ensorcelled Hibernation  Hex/Ice        0%         N/A       90%         2
 Fugue of the Fallen      Necr           0%         N/A       99%         3
 Sigil of Binding         Hex            0%         N/A       99%         3
 Summon Ice Beast         Ice/Summ       0%         N/A       99%         3
 Anguish                  Hex/Necr       0%         N/A       100%        4
 Summon Mana Viper        Hex/Summ       0%         N/A       100%        5
 Death Channel            Necr           0%         N/A       100%        6
 Plasma Beam              Fire/Air       0%         2x1d10    100%        6
 Sculpt Simulacrum        Ice/Alch       0%         N/A       100%        6
 Starburst                Conj/Fire      0%         6d3       100%        6
 Monstrous Menagerie      Summ           0%         N/A       100%        7


Dungeon Overview and Level Annotations

Branches:
Dungeon (4/15)
 Temple: D:4-7

Altars:
Elyvilon
Vehumet
Wu Jian
Xom

Shops:
D:4 **


Innate Abilities, Weirdness & Mutations

You can wield a second weapon in your off-hand.
It takes a long time for you to wield or remove held weapons.
Your first few attacks do less damage.
You cannot equip rings or amulets.


Message History

There are monsters nearby!
The gnoll shouts!
The gnoll sergeant hits you with a +0 trident.
You hit the gnoll sergeant but do no damage.
You hit the gnoll sergeant with your +0 war axe.
You barely miss the gnoll sergeant with your +0 war axe.
The gnoll sergeant is moderately wounded.
You barely miss the gnoll with your +0 war axe.
You hit the gnoll sergeant but do no damage.
The gnoll sergeant hits you with a +0 trident.
The gnoll hits you but does no damage.
You barely miss the gnoll sergeant with your +0 flail.
The gnoll sergeant is moderately wounded.
You hit the gnoll sergeant but do no damage.
You hit the gnoll with your +0 war axe.
The gnoll sergeant hits you but does no damage.
The gnoll hits you with a +0 whip. The gnoll barely misses you.
The gnoll sergeant barely misses you.
You feel very mighty all of a sudden.
The gnoll sergeant hits you with a +0 trident.
The gnoll barely misses you.
You hit the gnoll sergeant with your +0 flail.
The gnoll sergeant is moderately wounded.
You hit the gnoll sergeant with your +0 war axe.
You closely miss the gnoll with your +0 war axe.
The gnoll sergeant hits you with a +0 trident!
The gnoll hits you but does no damage.
You closely miss the gnoll sergeant with your +0 war axe.
The gnoll sergeant is heavily wounded.
You barely miss the gnoll with your +0 war axe.
You hit the gnoll sergeant but do no damage.
The gnoll sergeant hits you with a +0 trident!
* * * LOW HITPOINT WARNING * * *
The gnoll hits you with a +0 whip.
* * * LOW HITPOINT WARNING * * *
You hear a shout!
It was a potion of brilliance.
You feel clever all of a sudden.
The gnoll sergeant hits you with a +0 trident!
You die...

#.# .. .#.#.. .#.#.#
### .(# ##.#.#... ..#
.....#.##.. ..#
........... #.#
#..#.....# #.#
#........# ########.#
...#...... #....@g#.#
...#....#..#.####g#.#
##.#.####..#.# #....#
..>...# ..#.###....#
##.##.# #..#........#
#∩.<#.# #..####.....#
#..##.# #..# #.....#
#..##.###..####.#'#.#
#..##...........#.#.#


You could see a gnoll sergeant and a gnoll.

Vanquished Creatures
  Natasha (twice) (D:3)
  4 adders
  2 ribbon worms (D:2)
  A dart slug (D:2)
  A ball python (D:2)
  5 bats
  7 endoplasms
  5 giant cockroaches
  4 goblins
  3 hobgoblins
  A quokka (D:2)
  A frilled lizard (D:3)
  5 kobolds
  3 rats
44 creatures vanquished.

Notes
Turn   | Place    | Note
-------+----------+-------------------------------------------
     0 | D:1      | retardedninja the Coglin Fighter began the quest for the
                  | Orb.
     0 | D:1      | Reached XP level 1. HP: 18/18 MP: 1/1
   106 | D:1      | Found a faded altar of an unknown god.
   214 | D:1      | Reached XP level 2. HP: 21/24 MP: 2/2
   769 | D:2      | Reached XP level 3. HP: 29/29 MP: 3/3
   772 | D:2      | You fall into a shaft and drop 1 floor!
   835 | D:3      | Found a radiant altar of Vehumet.
   838 | D:3      | Found a shimmering altar of Xom.
   843 | D:3      | Found an ornate altar of the Wu Jian Council.
   846 | D:3      | Found a white marble altar of Elyvilon.
  1122 | D:2      | Reached XP level 4. HP: 37/37 MP: 4/4
  1130 | D:2      | Identified the +1 robe of Parlour Games {Harm rC+ MP+9}
  1460 | D:3      | Noticed Natasha
  1465 | D:3      | Killed Natasha
  1466 | D:3      | Reached skill level 4 in Fighting
  1611 | D:3      | Noticed Natasha
  1616 | D:3      | Killed Natasha
  1617 | D:3      | Reached XP level 5. HP: 35/42 MP: 5/5
  1816 | D:4      | Found Seakkun's General Store.
  1832 | D:4      | Found Haasu's General Store.
  1897 | D:4      | Slain by a gnoll sergeant

Illustrated notes

Levels and vault maps discovered:
D:1:      ncdulo_lavacross, layout_loops_ring,
          shapermc_ecumenical_altar_acropolis
D:2:      layout_rooms
D:3:      layout_basic, nicolae_overflow_macrodata_refinement, uniq_natasha
D:4:      layout_basic, serial_shops, shop, nicolae_shop_tiny_waterfront, shop,
          shop

Skill      XL: |  1  2  3  4 |
---------------+-------------+-----
Armour         | 3 |  3.3
Axes           | 3 |  3.6
Fighting       | 4 |  4.2
Shields        | |  2.2

Action                     |  1- 3 |  4- 6 || total
---------------------------+-------+-------++-------
  Melee: War axe           |    63 |    34 ||    97
         Flail             |    27 |    29 ||    56
    Use: Potion            |       |     2 ||     2
 Armour: Scale mail        |    55 |    36 ||    91
  Dodge: Dodged            |    29 |    21 ||    50

Table legend: (Time is in decaauts)
 A = Elapsed time spent in this place.
 B = Non-inter-level travel time spent in this place.
 C = Inter-level travel time spent in this place.
 D = Time resting spent in this place.
 E = Time spent auto-exploring this place.
 F = Levels seen in this place.
 G = Mean time per level.
                   A        B        C        D        E       F      G
               +--------+--------+--------+--------+--------+-----+--------+
         Total |   1933 |   1869 |     64 |      0 |   1489 |   4 |  483.2 |
       Dungeon |   1933 |   1869 |     64 |      0 |   1489 |   4 |  483.2 |
               +--------+--------+--------+--------+--------+-----+--------+

Top non-repeatable levels by time:
     D:1: 743 daAuts
     D:3: 567 daAuts
     D:2: 510 daAuts
     D:4: 111 daAuts
